GCL
COLORADO (GCL) ROCKIES @ LAS VEGAS (GCL) HUSTLE
07/25/2099
 
TOP OF THE 1ST
Colorado (GCL) Rockies batting - Pitching for Las Vegas (GCL) Hustle : RHP Marco Chapa
Pitching: RHP Marco Chapa
Batting: RHB Jim Strickland 0-0: Called Strike
0-1: Ball
1-1: Called Strike
1-2: Strikes out swinging
Batting: RHB Eddie Polanco 0-0: Ball
1-0: Ball
2-0: Ball
3-0: Called Strike
3-1: Foul Ball, location: 23F
3-2: Foul Ball, location: 25F
3-2: Strikes out swinging
Batting: RHB Juan Vargas 0-0: Foul Ball, location: 2F
0-1: Foul Ball, location: 7LDF
0-2: Ground out 6-3 (Groundball, 6MS, EV 83.1 MPH)
Top of the 1st over - 0 runs, 0 hits, 0 errors, 0 left on base; Colorado (GCL) 0 - Las Vegas (GCL) 0
BOTTOM OF THE 1ST
Las Vegas (GCL) Hustle batting - Pitching for Colorado (GCL) Rockies : RHP Cody Brannon
Pitching: RHP Cody Brannon
Batting: RHB Brian Hair 0-0: Called Strike
0-1: Ball
1-1: Swinging Strike
1-2: TRIPLE (Flyball, 9D, EV 106.9 MPH)
Batting: RHB Matt Granite 0-0: Ball
1-0: Ground out 3-1 (Groundball, 34, EV 86.3 MPH)
Batting: RHB Kyle Owens 0-0: Called Strike
0-1: Ball
1-1: Foul Ball, location: 9LMF
1-2: Ball
2-2: Strikes out swinging
Batting: RHB Rich Dykes 0-0: Called Strike
0-1: Foul Ball, location: 5F
0-2: Foul Ball, location: 2F
0-2: Ball
1-2: Fly out, F4 (Popup, 13, EV 82.5 MPH)
Bottom of the 1st over - 0 runs, 1 hit, 0 errors, 1 left on base; Colorado (GCL) 0 - Las Vegas (GCL) 0
TOP OF THE 2ND
Colorado (GCL) Rockies batting - Pitching for Las Vegas (GCL) Hustle : RHP Marco Chapa
Batting: RHB Steve Townsend 0-0: Ball
1-0: Foul Ball, location: 2F
1-1: Called Strike
1-2: Ground out 1-3 (Groundball, 13S, EV 66.9 MPH)
Batting: RHB John Ballantyne 0-0: Called Strike
0-1: Ball
1-1: Foul Ball, location: 9LSF
1-2: Foul Ball, location: 9LMF
1-2: Ball
2-2: SINGLE (Flyball, 34D, EV 88.1 MPH)
Batting: RHB Phil Pfaff 0-0: Ball
1-0: Foul Ball, location: 2F
1-1: Called Strike
John Ballantyne steals 2nd base
1-2: SINGLE (Groundball, 6MS, EV 64.4 MPH) (infield hit)
John Ballantyne to third
Batting: RHB Tony Puac 0-0: Called Strike
0-1: Ball
1-1: Foul Ball, location: 2F
1-2: Strikes out swinging
Batting: RHB Pippo Bottello 0-0: Called Strike
0-1: Foul Ball, location: 2F
0-2: Fly out, F2 (Popup, 23F, EV 90.0 MPH)
Top of the 2nd over - 0 runs, 2 hits, 0 errors, 2 left on base; Colorado (GCL) 0 - Las Vegas (GCL) 0
BOTTOM OF THE 2ND
Las Vegas (GCL) Hustle batting - Pitching for Colorado (GCL) Rockies : RHP Cody Brannon
Batting: LHB Justin Miguel 0-0: Ball
1-0: Ball
2-0: Called Strike
2-1: Ball
3-1: Called Strike
3-2: SINGLE (Groundball, 4MD, EV 96.3 MPH)
Batting: RHB Byron Moore 0-0: Ball
1-0: Sac Bunt to 13 - play at first, batter OUT! 1-3
Justin Miguel to second
Batting: RHB Jim Unknown 0-0: Fly out, F6 (Popup, P, EV 77.5 MPH)
Batting: RHB Amancio Repiteira 0-0: Foul Ball, location: 25F
0-1: Foul Ball, location: 23FF
0-2: Ball
1-2: Strikes out looking
Bottom of the 2nd over - 0 runs, 1 hit, 0 errors, 1 left on base; Colorado (GCL) 0 - Las Vegas (GCL) 0
TOP OF THE 3RD
Colorado (GCL) Rockies batting - Pitching for Las Vegas (GCL) Hustle : RHP Marco Chapa
Batting: RHB Andy Granadoz 0-0: Ball
1-0: Foul Ball, location: 3FF
1-1: Foul Ball, location: 5FF
1-2: Foul Ball, location: 3FF
1-2: Strikes out swinging
Batting: RHB Jim Strickland 0-0: Ball
1-0: Ball
2-0: Called Strike
2-1: Ball
3-1: Base on Balls
Batting: RHB Eddie Polanco 0-0: Ball
1-0: Swinging Strike
1-1: Foul Ball, location: 2F
1-2: Fly out, F9 (Line Drive, 89M, EV 106.9 MPH)
Batting: RHB Juan Vargas 0-0: Ball
1-0: SINGLE (Line Drive, 8RS, EV 100.6 MPH)
Jim Strickland to second
Runner from 2nd tries for 3rd, SAFE, throw by CF made to third
Batting: RHB Steve Townsend 0-0: Fly out, F8 (Flyball, 8LS, EV 90.0 MPH)
Top of the 3rd over - 0 runs, 1 hit, 0 errors, 2 left on base; Colorado (GCL) 0 - Las Vegas (GCL) 0
BOTTOM OF THE 3RD
Las Vegas (GCL) Hustle batting - Pitching for Colorado (GCL) Rockies : RHP Cody Brannon
Batting: SHB Marco Chapa 0-0: Ball
1-0: Ball
2-0: Called Strike
2-1: Called Strike
2-2: SINGLE (Groundball, 56D, EV 95.6 MPH)
Batting: RHB Brian Hair 0-0: Foul Ball, location: 7LSF
0-1: Swinging Strike
0-2: Ball
1-2: Foul Ball, location: 3F
1-2: Grounds into double play, 4-6-3 (Groundball, 4, EV 100.6 MPH)
Batting: RHB Matt Granite 0-0: Ball
1-0: Called Strike
1-1: Called Strike
1-2: Ground out 5-3 (Groundball, 56, EV 91.9 MPH)
Bottom of the 3rd over - 0 runs, 1 hit, 0 errors, 0 left on base; Colorado (GCL) 0 - Las Vegas (GCL) 0
TOP OF THE 4TH
Colorado (GCL) Rockies batting - Pitching for Las Vegas (GCL) Hustle : RHP Marco Chapa
Batting: RHB John Ballantyne 0-0: Called Strike
0-1: Ball
1-1: Ball
2-1: Swinging Strike
2-2: Strikes out swinging
Batting: RHB Phil Pfaff 0-0: Called Strike
0-1: Ball
1-1: Foul Ball, location: 2F
1-2: Ball
2-2: Foul Ball, location: 5FF
2-2: Foul Ball, location: 3F
2-2: Ground out 4-3 (Groundball, 4, EV 85.0 MPH)
Batting: RHB Tony Puac 0-0: Ball
1-0: Called Strike
1-1: Called Strike
1-2: Strikes out swinging
Top of the 4th over - 0 runs, 0 hits, 0 errors, 0 left on base; Colorado (GCL) 0 - Las Vegas (GCL) 0
BOTTOM OF THE 4TH
Las Vegas (GCL) Hustle batting - Pitching for Colorado (GCL) Rockies : RHP Cody Brannon
Batting: RHB Kyle Owens 0-0: Foul Ball, location: 2RF
0-1: Swinging Strike
0-2: Foul Ball, location: 9LSF
0-2: Strikes out swinging
Batting: RHB Rich Dykes 0-0: Ball
1-0: Ball
2-0: Ball
3-0: Foul Ball, location: 2F
3-1: Base on Balls
Batting: LHB Justin Miguel 0-0: Swinging Strike
0-1: Fly out, F4 (Flyball, 34D, EV 92.5 MPH)
Batting: RHB Byron Moore 0-0: Fly out, F7 (Flyball, 7LM, EV 94.4 MPH)
Bottom of the 4th over - 0 runs, 0 hits, 0 errors, 1 left on base; Colorado (GCL) 0 - Las Vegas (GCL) 0
TOP OF THE 5TH
Colorado (GCL) Rockies batting - Pitching for Las Vegas (GCL) Hustle : RHP Marco Chapa
Batting: RHB Pippo Bottello 0-0: Called Strike
0-1: Ball
1-1: Ball
2-1: Called Strike
2-2: Strikes out swinging
Batting: RHB Andy Granadoz 0-0: Ball
1-0: Ball
2-0: Foul Ball, location: 25F
2-1: Foul Ball, location: 9LMF
2-2: Strikes out swinging
Batting: RHB Jim Strickland 0-0: Called Strike
0-1: Ball
1-1: Ball
2-1: Swinging Strike
2-2: Ground out 1-3 (Groundball, P, EV 74.4 MPH)
Top of the 5th over - 0 runs, 0 hits, 0 errors, 0 left on base; Colorado (GCL) 0 - Las Vegas (GCL) 0
BOTTOM OF THE 5TH
Las Vegas (GCL) Hustle batting - Pitching for Colorado (GCL) Rockies : RHP Cody Brannon
Batting: RHB Jim Unknown 0-0: Ball
1-0: Ball
2-0: Fly out, F8 (Flyball, 8RM, EV 95.6 MPH)
Batting: RHB Amancio Repiteira 0-0: Ball
1-0: SINGLE (Groundball, 6D, EV 98.8 MPH)
Batting: SHB Marco Chapa 0-0: Ball
1-0: Called Strike
1-1: Foul Ball, location: 5F
1-2: Strikes out swinging
Batting: RHB Brian Hair 0-0: Ball
1-0: DOUBLE (Groundball, 5L, EV 100.0 MPH)
Amancio Repiteira to third
Batting: RHB Matt Granite 0-0: Called Strike
0-1: Ground out 6-3 (Groundball, 6, EV 106.9 MPH)
Bottom of the 5th over - 0 runs, 2 hits, 0 errors, 2 left on base; Colorado (GCL) 0 - Las Vegas (GCL) 0
TOP OF THE 6TH
Colorado (GCL) Rockies batting - Pitching for Las Vegas (GCL) Hustle : RHP Marco Chapa
Pitching: RHP Ricardo Dieguez
Pinch Hitting: LHB Dave Plungis 0-0: Ball
1-0: Foul Ball, location: 7LMF
1-1: Ball
2-1: Ball
3-1: Base on Balls
Batting: RHB Juan Vargas 0-0: Ball
1-0: Ball
2-0: Fly out, F8 (Flyball, 8RD, EV 100.6 MPH)
Pinch Hitting: LHB Ralph Wohl 0-0: Ball
1-0: Ball
2-0: Swinging Strike
2-1: Ball
3-1: Foul Ball, location: 2F
3-2: Foul Ball, location: 9LSF
3-2: Foul Ball, location: 2F
3-2: Base on Balls
Dave Plungis to second
Batting: RHB John Ballantyne 0-0: Ball
1-0: Called Strike
1-1: Foul Ball, location: 2F
1-2: Ball
2-2: Ball
3-2: Fly out, F7 (Flyball, 78D, EV 110.0 MPH)
Batting: RHB Phil Pfaff 0-0: Ball
1-0: Called Strike
1-1: Swinging Strike
1-2: Ball
2-2: Strikes out swinging
Top of the 6th over - 0 runs, 0 hits, 0 errors, 2 left on base; Colorado (GCL) 0 - Las Vegas (GCL) 0
BOTTOM OF THE 6TH
Las Vegas (GCL) Hustle batting - Pitching for Colorado (GCL) Rockies : RHP Cody Brannon
Now in LF: Dave Plungis
Now in RF: Ralph Wohl
Batting: RHB Kyle Owens 0-0: Swinging Strike
0-1: SINGLE (Groundball, 4MD, EV 98.1 MPH)
Batting: RHB Rich Dykes 0-0: Ball
1-0: Called Strike
1-1: Ball
2-1: Foul Ball, location: 2F
2-2: Foul Ball, location: 5F
2-2: DOUBLE (Line Drive, 78D, EV 109.4 MPH)
Kyle Owens to third
Pitching: RHP Jayden Thompson
Batting: LHB Justin Miguel 0-0: Fly out, F7 (Flyball, 7S, EV 90.6 MPH)
Pinch Hitting: RHB Frederico Franklin 0-0: Ball
1-0: Ball
2-0: Ground out U3 (Groundball, 3, EV 85.6 MPH)
Batting: RHB Jim Unknown 0-0: Called Strike
0-1: Ball
1-1: Swinging Strike
1-2: Strikes out swinging
Bottom of the 6th over - 0 runs, 2 hits, 0 errors, 2 left on base; Colorado (GCL) 0 - Las Vegas (GCL) 0
TOP OF THE 7TH
Colorado (GCL) Rockies batting - Pitching for Las Vegas (GCL) Hustle : RHP Ricardo Dieguez
Pitching: RHP Henry Carrera
Now in RF: Jesus Marques
Batting: SHB Mel Hernandez 0-0: SINGLE (Line Drive, 7S, EV 86.3 MPH)
Batting: RHB Pippo Bottello 0-0: Swinging Strike
0-1: Called Strike
0-2: Ball
1-2: Strikes out looking
Pinch Hitting: LHB Enrique Castillo Pickoff Throw to First - Out! 1-3 CS
0-0: Ball
1-0: Ball
2-0: Ground out 6-3 (Groundball, 6MS, EV 67.5 MPH)
Top of the 7th over - 0 runs, 1 hit, 0 errors, 0 left on base; Colorado (GCL) 0 - Las Vegas (GCL) 0
BOTTOM OF THE 7TH
Las Vegas (GCL) Hustle batting - Pitching for Colorado (GCL) Rockies : RHP Jayden Thompson
Now at 1B: Enrique Castillo
Batting: RHB Amancio Repiteira 0-0: Ground out 5-3 (Groundball, 56, EV 76.3 MPH)
Batting: SHB Marco Chapa 0-0: SINGLE (Groundball, 4MD, EV 94.4 MPH)
Batting: RHB Brian Hair 0-0: Foul Ball, location: 3FF
0-1: Ball
1-1: Ball
2-1: Ball
3-1: Base on Balls
Marco Chapa to second
Pinch Runner at 2nd Gaspard Buzzacarina:
Pinch Hitting: RHB Jason Crosby 0-0: Called Strike
0-1: Swinging Strike
0-2: Foul Ball, location: 2F
0-2: Ball
1-2: Ball
2-2: Strikes out swinging
Batting: RHB Kyle Owens 0-0: Called Strike
0-1: Called Strike
0-2: DOUBLE (Line Drive, 7LM, EV 103.1 MPH)
Gaspard Buzzacarina scores
Brian Hair to third
Batting: RHB Rich Dykes 0-0: Ball
1-0: Called Strike
1-1: Ball
2-1: Ball
3-1: Base on Balls
Batting: LHB Justin Miguel 0-0: Called Strike
0-1: Foul Ball, location: 2F
0-2: Fly out, F8 (Flyball, 8RM, EV 93.8 MPH)
Bottom of the 7th over - 1 run, 2 hits, 0 errors, 3 left on base; Colorado (GCL) 0 - Las Vegas (GCL) 1
TOP OF THE 8TH
Colorado (GCL) Rockies batting - Pitching for Las Vegas (GCL) Hustle : RHP Henry Carrera
Now in CF: Jesus Marques
Now in RF: Tim Oster
Pinch Hitting: RHB Ed Sceviour 0-0: Foul Ball, location: 5F
0-1: Ball
1-1: Ground out 4-3 (Groundball, 4, EV 71.9 MPH)
Pinch Hitting: RHB Tony Solana 0-0: Foul Ball, location: 7LMF
0-1: Foul Ball, location: 3F
0-2: Ground out 4-3 (Groundball, 34S, EV 85.0 MPH)
Batting: RHB Juan Vargas 0-0: Ball
1-0: Foul Ball, location: 2F
1-1: Ball
2-1: Ground out 4-3 (Groundball, 4, EV 108.8 MPH)
Top of the 8th over - 0 runs, 0 hits, 0 errors, 0 left on base; Colorado (GCL) 0 - Las Vegas (GCL) 1
BOTTOM OF THE 8TH
Las Vegas (GCL) Hustle batting - Pitching for Colorado (GCL) Rockies : RHP Jayden Thompson
Pitching: RHP Doug Cowan
Now in LF: Justin Trumble
Now in CF: Alex Miranda
Batting: RHB Jesus Marques 0-0: Ball
1-0: Foul Ball, location: 9LMF
1-1: Foul Ball, location: 9LMF
1-2: Foul Ball, location: 25F
1-2: Ball
2-2: Strikes out swinging
Batting: RHB Jim Unknown 0-0: Called Strike
0-1: Foul Ball, location: 23F
0-2: Ball
1-2: Strikes out looking
Batting: RHB Amancio Repiteira 0-0: Ball
1-0: SINGLE (Groundball, 56D, EV 108.1 MPH)
Batting: RHB Gaspard Buzzacarina 0-0: Ball
1-0: Foul Ball, location: 3FF
1-1: Swinging Strike
1-2: Strikes out swinging
Bottom of the 8th over - 0 runs, 1 hit, 0 errors, 1 left on base; Colorado (GCL) 0 - Las Vegas (GCL) 1
TOP OF THE 9TH
Colorado (GCL) Rockies batting - Pitching for Las Vegas (GCL) Hustle : RHP Henry Carrera
Pitching: RHP Orlando Villegas
Batting: LHB Ralph Wohl 0-0: Ball
1-0: Called Strike
1-1: Ground out 4-3 (Groundball, 4, EV 104.4 MPH)
Pinch Hitting: LHB Vinny Romero 0-0: Foul Ball, location: 3F
0-1: Foul Ball, location: 9LMF
0-2: Ball
1-2: Fly out, F8 (Flyball, 8LD, EV 85.0 MPH)
Batting: RHB Phil Pfaff 0-0: Ball
1-0: Swinging Strike
1-1: Foul Ball, location: 9LMF
1-2: Ball
2-2: DOUBLE (Flyball, 78XD, EV 86.3 MPH)
Batting: RHB Cameron McKeown 0-0: Ball
1-0: Swinging Strike
1-1: Swinging Strike
1-2: Ball
2-2: Foul Ball, location: 25FF
2-2: Strikes out looking
Top of the 9th over - 0 runs, 1 hit, 0 errors, 1 left on base; Colorado (GCL) 0 - Las Vegas (GCL) 1
Sunday, May 12th , 2024 - OOTP Baseball 24.11 Build 85